[Event "Team 45 45 League T49"]
[Site "Internet Chess Club"]
[Date "2011.05.16"]
[Round "1"]
[White "Stryker672"]
[Black "Pacini"]
[Result "0-1"]
[WhiteElo "1959"]
[BlackElo "2032"]
[Opening "Sicilian: Alapin's variation (2.c3)"]
[ECO "B22"]
[Time "21:08:59"]
[TimeControl "2700+45"]

1. e4 c5 2. c3 g6 3. Nf3 Bg7 4. Bc4 e6 5. d4 cxd4 6. Nxd4 a6 7. O-O Ne7 8. Bg5
h6 9. Bh4 O-O 10. f4 d5 11. exd5 exd5 12. Nf3 g5 13. fxg5 hxg5 14. Bxg5 f6 15.
Bd3 fxg5 16. Nxg5 Rxf1+ 17. Qxf1 Qb6+ 18. Kh1 Qf6 19. Qxf6 Bxf6 20. Nf3 Nbc6 21.
Nbd2 Ne5 22. Nxe5 Bxe5 23. Re1 Bd6 24. Nf3 Bd7 25. c4 dxc4 26. Bxc4+ Kg7 27. Rd1
Nf5 28. Bd5 Ne3 29. Bxb7 Nxd1 30. Bxa8 Nxb2 31. Bd5 a5 32. g3 a4 33. Kg2 Nd1 34.
Be4 Nc3 35. Bc2 Nxa2 36. Nd4 a3 37. Bb3 Nc1 38. Bc4 a2 39. Bxa2 Nxa2 40. h3 Nb4
41. Kf3 Nc6 42. Ne2 Bxh3 43. Nf4 Bxf4 44. Kxf4 Kg6 45. Ke4 Kg5 46. Kd5 Ne7+ 47.
Ke4 Kg4 48. Ke5 Nf5 49. Ke4 Nxg3+ 50. Ke5 Kg5 51. Kd4 Kf4 52. Kd5 Bf5 53. Kd4
Ne2+ 54. Kc4 Ke5 55. Kc5 Be6 56. Kb4 Kd4 57. Ka3 Kc3 58. Ka4 Nd4 59. Ka3 Bd5 60.
Ka4 Nc6 61. Ka3 Ne5 62. Ka4 Nd7 63. Ka3 Ne5 64. Ka4 Nc6 65. Ka3 Nd4 66. Ka4 Be4
67. Ka3 Bb1 68. Ka4 Bc2+ 69. Ka3 Bd3 70. Ka2 Bc4+ 71. Ka3 Nc2+ 72. Ka4 Kd4 73.
Ka5 Kc5 74. Ka4 Bd5 75. Ka5 Bc6 76. Ka6 Nd4 77. Ka5 Nb3+ 78. Ka6 Bd5 79. Ka7 Kc6
80. Kb8 Be6 81. Ka7 Nc5 82. Kb8 Bd7 83. Ka7 Kc7 84. Ka8 Bb5 85. Ka7 Nd7 86. Ka8
Nb6+ 87. Ka7 Nc8+ 88. Ka8 Bc6# {White checkmated} 0-1

[Event "Team 45 45 League T49"]
[Site "Internet Chess Club"]
[Date "2011.05.12"]
[Round "1"]
[White "Kingofknights"]
[Black "Bacon1290"]
[Result "1-0"]
[WhiteElo "1649"]
[BlackElo "1667"]
[Opening "QGD Slav: exchange variation"]
[ECO "D13"]
[Time "19:30:39"]
[TimeControl "2700+45"]

1. d4 d5 2. c4 c6 3. Nf3 Nf6 4. cxd5 cxd5 5. Nc3 Nc6 6. Bf4 Bg4 7. Ne5 Bf5 8. e3
Qa5 9. Nxc6 bxc6 10. Qa4 Qxa4 11. Nxa4 e6 12. Rc1 Bb4+ 13. Ke2 Rc8 14. a3 Be7
15. f3 Nh5 16. Bg3 Nxg3+ 17. hxg3 O-O 18. g4 Bg6 19. Kd2 Rc7 20. Bd3 Bxd3 21.
Kxd3 Rb8 22. Rc3 h6 23. Rhc1 Rbc8 24. b4 Bd6 25. Nc5 Bxc5 26. Rxc5 Kf8 27. e4
Ke7 28. exd5 exd5 29. Re1+ Kd6 30. f4 Rb7 31. Re5 f6 32. Rexd5+ cxd5 33. Rxc8 a5
34. Kc3 axb4+ 35. axb4 Ke6 36. f5+ Kd6 37. Rc5 Ra7 38. Ra5 Rc7+ 39. Kd3 Rc4 40.
Ra6+ Kc7 41. Ra7+ Kd8 42. Rxg7 Rxb4 43. Rg6 Rb2 44. Rxf6 Rxg2 45. Rg6 Ke7 46.
Ke3 Rh2 47. Kf4 h5 48. gxh5 Rxh5 49. Ke5 Kd7 50. Rd6+ Kc7 51. Rxd5 Kc6 52. Rd8
Kc7 53. Rf8 Kd7 54. d5 Rh1 55. Rf7+ Ke8 56. Rb7 Re1+ 57. Kf6 Rd1 58. Rb5 Ra1 59.
d6 Ra6 60. Re5+ Kf8 61. Re6 Ra7 62. Re7 Ra6 63. Rd7 Ke8 64. Ke6 Ra4 65. Re7+ Kf8
66. f6 Re4+ 67. Kf5 {Black resigns} 1-0

[Event "Team 45 45 League T49"]
[Site "Internet Chess Club"]
[Date "2011.05.13"]
[Round "1"]
[White "Razorbackchess"]
[Black "Rookmaster"]
[Result "1-0"]
[WhiteElo "1843"]
[BlackElo "1638"]
[Opening "QGD: Chigorin defense"]
[ECO "D07"]
[Time "20:00:31"]
[TimeControl "2700+45"]

1. d4 d5 2. c4 Nc6 3. Nc3 dxc4 4. d5 Ne5 5. Qd4 Ng6 6. Qxc4 Nf6 7. Nb5 c6 8.
dxc6 Ne5 9. cxb7 Nxc4 10. bxa8=Q Qa5+ 11. Nc3 Nb6 12. Qf3 e5 13. e4 Bb4 14. Bd2
O-O 15. Be2 Rd8 16. Bg5 Bg4 17. Qe3 Bxe2 18. Nxe2 Nc4 19. Qc1 Rd3 20. Bxf6 gxf6
21. O-O Nd2 22. Rd1 Qd8 23. Nd5 Nf3+ 24. gxf3 Rxf3 25. Nxb4 Qf8 26. Kh1 Rxf2 27.
Rg1+ Kh8 28. Qe3 Rxe2 29. Qxe2 Qxb4 30. Qg4 Qf8 31. Rac1 {Black resigns} 1-0

[Event "Team 45 45 League T49"]
[Site "Internet Chess Club"]
[Date "2011.05.14"]
[Round "1"]
[White "ben622"]
[Black "Colombiano07"]
[Result "1-0"]
[WhiteElo "1978"]
[BlackElo "1825"]
[Opening "French: Tarrasch, closed variation, main line"]
[ECO "C06"]
[Time "11:00:46"]
[TimeControl "2700+45"]

1. e4 e6 2. d4 d5 3. Nd2 Nf6 4. e5 Nfd7 5. Bd3 c5 6. c3 Nc6 7. Ne2 cxd4 8. cxd4
f6 9. exf6 Qxf6 10. Nf3 Bd6 11. O-O h6 12. Ng3 O-O 13. Bb1 Rd8 14. Re1 Nf8 15.
Nh5 Qe7 16. Bxh6 gxh6 17. Qd2 Bb4 18. Qxh6 Nh7 19. Bxh7+ {Black resigns} 1-0

[Event "Team 45 45 League T49"]
[Site "Internet Chess Club"]
[Date "2011.05.13"]
[Round "1"]
[White "MikeA"]
[Black "DreamCatcher13"]
[Result "1-0"]
[WhiteElo "2217"]
[BlackElo "1881"]
[Opening "Petrov: classical attack, Chigorin variation"]
[ECO "C42"]
[Time "17:33:36"]
[TimeControl "2700+45"]

1. e4 e5 2. Nf3 Nf6 3. Nxe5 d6 4. Nf3 Nxe4 5. d4 d5 6. Bd3 Be7 7. O-O Nc6 8. Re1
Bg4 9. c4 Nf6 10. Nc3 Nxd4 11. cxd5 Nxf3+ 12. gxf3 Bh3 13. Qa4+ Bd7 14. Qb4 Rb8
15. Bf4 Be6 16. Qb5+ Bd7 17. Qc5 Rc8 18. Bxc7 Rxc7 19. Rxe7+ Qxe7 20. Qxc7 O-O
21. Qxb7 Nh5 22. Ne4 Nf4 23. Bf1 f5 24. d6 Qe6 25. Nc5 Qg6+ 26. Kh1 Be8 27. d7
Bf7 28. Rd1 Qg5 29. Qc8 Nd5 30. Nb7 Bh5 31. Rd3 Bxf3+ 32. Rxf3 Qe7 33. d8=Q Qe1
34. Qxf8# {Black checkmated} 1-0

[Event "Team 45 45 League T49"]
[Site "Internet Chess Club"]
[Date "2011.05.16"]
[Round "1"]
[White "AreYouSerious"]
[Black "CaoCao"]
[Result "0-1"]
[WhiteElo "2040"]
[BlackElo "1902"]
[Opening "Réti opening"]
[ECO "A05"]
[Time "21:42:02"]
[TimeControl "2700+45"]

1. Nf3 Nf6 2. e3 g6 3. b3 Bg7 4. Bb2 O-O 5. Be2 c5 6. d3 Nc6 7. O-O d5 8. Nbd2
d4 9. exd4 Nh5 10. c3 cxd4 11. Nxd4 Nf4 12. Nxc6 bxc6 13. d4 Bf5 14. Ba3 Re8 15.
Nc4 Qc7 16. Re1 Nxe2+ 17. Qxe2 Be6 18. Rad1 a5 19. Ne5 a4 20. b4 Red8 21. Nc4
Rd5 22. Na5 Rh5 23. h3 Qd7 24. Qf3 Bd5 25. Qg4 Be6 26. Qe4 Rc8 27. Bc1 Bf6 28.
a3 Rh4 29. Qe3 h6 30. Qg3 Kg7 31. Be3 Qd5 32. Rd2 Qh5 33. Nb7 Bd5 34. Nc5 Rd8
35. Qc7 Rd6 36. Qc8 g5 37. Nd3 Re6 38. Qc7 Rd6 39. f3 Rxh3 40. gxh3 Qxf3 41. Kh2
g4 42. hxg4 Bh4 43. Bf4 Bxe1 44. Be5+ Kh7 45. Nxe1 Qh1+ 46. Kg3 Qxe1+ 47. Rf2
Qe3+ {White resigns} 0-1

[Event "Team 45 45 League T49"]
[Site "Internet Chess Club"]
[Date "2011.05.14"]
[Round "1"]
[White "sombragris35"]
[Black "bshribharath"]
[Result "0-1"]
[WhiteElo "1734"]
[BlackElo "1797"]
[Opening "Ruy Lopez: fianchetto (Smyslov/Barnes) defense"]
[ECO "C60"]
[Time "11:00:40"]
[TimeControl "2700+45"]

1. e4 e5 2. Nf3 Nc6 3. Bb5 g6 4. O-O Bg7 5. d3 Nge7 6. Nc3 O-O 7. Be3 d5 8. exd5
Nxd5 9. Nxd5 Qxd5 10. Bc4 Qd6 11. Ng5 Nd4 12. c3 Ne6 13. Ne4 Qc6 14. f4 exf4 15.
Bxf4 Nxf4 16. Rxf4 Be6 17. Bxe6 fxe6 18. Rxf8+ Rxf8 19. Qb3 Qd5 20. Rf1 Rxf1+
21. Kxf1 Qxd3+ 22. Kf2 Qxe4 23. Qd1 Bf8 24. Qd7 Bc5+ 25. Kf1 {White resigns} 0-1

[Event "Team 45 45 League T49"]
[Site "Internet Chess Club"]
[Date "2011.05.15"]
[Round "1"]
[White "TerryMalloy"]
[Black "Ptzz"]
[Result "1/2-1/2"]
[WhiteElo "1954"]
[BlackElo "2109"]
[Opening "Catalan opening"]
[ECO "E00"]
[Time "18:00:39"]
[TimeControl "2700+45"]

1. d4 Nf6 2. c4 e6 3. g3 Bb4+ 4. Nd2 c5 5. Nf3 b6 6. Bg2 Bb7 7. O-O Bxd2 8. Bxd2
cxd4 9. Bb4 Na6 10. Ba3 Nc5 11. Qxd4 O-O 12. Rfd1 Qc7 13. b3 Rfd8 14. Bb2 d6 15.
Rac1 Nce4 16. Ba1 Qc5 17. Nd2 Qxd4 18. Bxd4 Rab8 19. Nxe4 Nxe4 20. f3 Nf6 21. e4
Rbc8 22. Kf2 {Game drawn by mutual agreement} 1/2-1/2

[Event "Team 45 45 League T49"]
[Site "Internet Chess Club"]
[Date "2011.05.14"]
[Round "1"]
[White "Jack-ONeill"]
[Black "JeeniousChess"]
[Result "0-1"]
[WhiteElo "2007"]
[BlackElo "1805"]
[Opening "English opening"]
[ECO "A16"]
[Time "12:04:04"]
[TimeControl "2700+45"]

1. c4 Nf6 2. Nc3 g6 3. g3 Bg7 4. Bg2 O-O 5. Nf3 d6 6. O-O e5 7. d3 Nc6 8. Rb1 a5
9. a3 Re8 10. Bg5 h6 11. Bxf6 Bxf6 12. b4 axb4 13. axb4 Bg7 14. b5 Ne7 15. Qb3
Be6 16. Nd5 c6 17. Nxe7+ Rxe7 18. bxc6 bxc6 19. Qb6 d5 20. Qxd8+ Rxd8 21. Nd2
Ra7 22. cxd5 cxd5 23. Ra1 Rda8 24. Nb3 Rxa1 25. Rxa1 Rxa1+ 26. Nxa1 d4 27. Nc2
Bf8 28. Ne1 Bb4 29. Nc2 Bd6 30. Ne1 Kg7 31. Nf3 f5 32. Nd2 Kf6 33. Kf1 g5 34. e3
dxe3 35. fxe3 g4 36. Ke2 Ke7 37. Bc6 f4 38. exf4 exf4 39. Kf2 Bc5+ 40. Kg2 f3+
41. Nxf3 gxf3+ 42. Kxf3 Kd6 43. Be4 Ke5 44. g4 Be7 45. Kg3 Bb4 46. h4 Be1+ 47.
Kh3 Kf4 48. Bf5 Bf7 49. h5 Bd5 50. Be4 Bb3 51. Bf5 Bd1 52. Kg2 Bf3+ 53. Kh3 Ke3
54. Be4 Be2 55. Bf5 Kf2 56. Be4 Kg1 57. g5 hxg5 58. h6 g4# {White checkmated}
0-1

[Event "Team 45 45 League T49"]
[Site "Internet Chess Club"]
[Date "2011.05.15"]
[Round "1"]
[White "ivanson"]
[Black "MtzKid"]
[Result "1/2-1/2"]
[WhiteElo "1836"]
[BlackElo "1730"]
[Opening "French: Tarrasch"]
[ECO "C03"]
[Time "18:00:20"]
[TimeControl "2700+45"]

1. e4 e6 2. d4 d5 3. Nd2 dxe4 4. Nxe4 Bd7 5. c4 Bc6 6. Nc3 Nf6 7. Nf3 Be7 8. Be2
O-O 9. O-O Bxf3 10. Bxf3 c6 11. Be3 Qc7 12. c5 Rd8 13. Qc2 Nbd7 14. b4 a6 15. a4
Nf8 16. b5 Ng6 17. bxc6 bxc6 18. g3 e5 19. dxe5 Nxe5 20. Bg2 Nd3 21. Ne4 Ng4 22.
Rad1 Nxe3 23. fxe3 Ne5 24. Rb1 Rab8 25. Rxb8 Rxb8 26. Rd1 Rd8 27. Rb1 Rb8 28.
Rd1 Rd8 29. Rb1 Rb8 30. Rd1 Rd8 {Game drawn by repetition} 1/2-1/2

[Event "Team 45 45 League T49"]
[Site "Internet Chess Club"]
[Date "2011.05.14"]
[Round "1"]
[White "futureGM"]
[Black "Gregorio"]
[Result "0-1"]
[WhiteElo "1833"]
[BlackElo "1944"]
[Opening "Ruy Lopez: fianchetto (Smyslov/Barnes) defense"]
[ECO "C60"]
[Time "11:00:51"]
[TimeControl "2700+45"]

1. e4 e5 2. Nf3 Nc6 3. Bb5 g6 4. c3 Bg7 5. d4 exd4 6. cxd4 a6 7. Bc4 d6 8. Nc3
Bg4 9. h3 Bxf3 10. Qxf3 Qd7 11. d5 Ne5 12. Qe2 b5 13. Bb3 Qe7 14. a4 b4 15. Na2
a5 16. Qb5+ Nd7 17. O-O Nf6 18. Qc6 O-O 19. f3 Nc5 20. Bc4 Nfd7 21. Be2 Bd4+ 22.
Kh1 Ne5 {White resigns} 0-1

[Event "Team 45 45 League T49"]
[Site "Internet Chess Club"]
[Date "2011.05.15"]
[Round "1"]
[White "MeanMrMustard"]
[Black "bshribharath"]
[Result "1-0"]
[WhiteElo "1858"]
[BlackElo "1765"]
[Opening "Scotch gambit: Dubois-Réti defense"]
[ECO "C55"]
[Time "22:03:52"]
[TimeControl "2700+45"]

1. e4 e5 2. Nf3 Nc6 3. d4 exd4 4. Bc4 Nf6 5. e5 d5 6. Bb5 Ne4 7. Nxd4 Bd7 8.
Bxc6 bxc6 9. O-O Bc5 10. f3 Ng5 11. f4 Ne4 12. Be3 Rb8 13. Nc3 Rxb2 14. Nxe4
dxe4 15. f5 O-O 16. Rf4 Qg5 17. Rxe4 Bxd4 18. Qxd4 Qxf5 19. Rf4 Qxc2 20. Rf2
Rb1+ 21. Rxb1 Qxb1+ 22. Rf1 Qxa2 23. Qxd7 a5 24. Bc5 Ra8 25. Qxc6 Rd8 26. Qxc7
Qd5 27. Rxf7 Qd1+ 28. Rf1 {Black resigns} 1-0

[Event "Team 45 45 League T49"]
[Site "Internet Chess Club"]
[Date "2011.05.16"]
[Round "1"]
[White "Ivio"]
[Black "ghostfire"]
[Result "1/2-1/2"]
[WhiteElo "1768"]
[BlackElo "1705"]
[Opening "QGD Slav: Dutch variation"]
[ECO "D18"]
[Time "17:00:09"]
[TimeControl "2700+45"]

1. d4 d5 2. Nf3 Nf6 3. c4 c6 4. Nc3 dxc4 5. a4 Bf5 6. e3 e6 7. Bxc4 Nbd7 8. h3
h6 9. O-O Be7 10. Re1 Ne4 11. Nxe4 Bxe4 12. Bd3 Bxd3 13. Qxd3 O-O 14. e4 Nf6 15.
Qe3 Re8 16. b3 Qa5 17. Bd2 Bb4 18. Bxb4 Qxb4 19. Rac1 a6 20. Ne5 Rad8 21. Rc4
Qe7 22. Rcc1 Nd7 23. Nc4 e5 24. d5 cxd5 25. exd5 b5 26. Na5 Nb8 27. Nc6 Nxc6 28.
dxc6 Rc8 29. axb5 axb5 30. Qc5 Qxc5 31. Rxc5 Rc7 32. b4 f6 33. Rd1 Kf7 34. Kf1
Ke7 35. Rdc1 Rb8 36. Ke2 Rb6 37. Ke3 Kd6 38. Rd1+ Ke6 39. Rdd5 Rcxc6 40. Rxc6+
Rxc6 41. Rxb5 Kd6 42. Rb7 g6 43. Rg7 g5 44. Rg6 Ke6 45. Rxh6 Rb6 46. h4 g4 47.
Rg6 Rxb4 48. h5 Kf5 49. Rg8 Rb7 50. f3 gxf3 51. g4+ Ke6 52. Kxf3 Rh7 53. Ke4 Kf7
54. Ra8 Rg7 55. Kf3 Ke6 56. h6 Rh7 57. Ra6+ Kf7 {Game drawn by mutual agreement}
1/2-1/2

[Event "Team 45 45 League T49"]
[Site "Internet Chess Club"]
[Date "2011.05.15"]
[Round "1"]
[White "Frankly"]
[Black "MasterOfTheKeys"]
[Result "1-0"]
[WhiteElo "1792"]
[BlackElo "1557"]
[Opening "King's Indian: Four pawns attack, dynamic line"]
[ECO "E76"]
[Time "16:00:28"]
[TimeControl "2700+45"]

1. d4 Nf6 2. c4 g6 3. Nc3 Bg7 4. e4 d6 5. f4 O-O 6. Nf3 c5 7. d5 a6 8. Be2 Qc7
9. O-O Nbd7 10. Qc2 e6 11. Bd2 exd5 12. cxd5 b5 13. Rac1 b4 14. Nd1 Qb6 15. Kh1
Bb7 16. Ne3 Rfe8 17. Nc4 Qc7 18. Bd3 Rac8 19. Rfe1 Nb6 20. Re2 Nxc4 21. Qxc4 Qd7
22. Rce1 Nh5 23. e5 dxe5 24. Nxe5 Qxd5 25. Qxd5 Bxd5 26. Bxa6 Ra8 27. Bb5 Red8
28. Nc4 Be6 29. a4 Bd4 30. b3 Nf6 31. h3 Nh5 32. Kh2 Bxc4 33. Bxc4 Bc3 34. Bxc3
bxc3 35. Re7 Rf8 36. g3 Rad8 37. R1e2 Rd2 38. Rxd2 cxd2 39. Rd7 d1=Q 40. Rxd1
Re8 41. Rd7 Re3 42. Rd3 Re2+ 43. Kg1 Kg7 44. Rd7 Re3 45. Rxf7+ Kh6 46. g4 Nxf4
47. Rxf4 Rxh3 48. Kg2 Rc3 49. a5 Kg5 50. Re4 Rc2+ 51. Kf3 Ra2 52. a6 Ra5 53. Re7
h5 54. gxh5 Kxh5 55. a7 Kg5 56. Re5+ Kf6 57. Re6+ Kg5 58. Ra6 {Black resigns}
1-0

[Event "Team 45 45 League T49"]
[Site "Internet Chess Club"]
[Date "2011.05.13"]
[Round "1"]
[White "giltar"]
[Black "Troparion"]
[Result "0-1"]
[WhiteElo "1811"]
[BlackElo "1802"]
[Opening "Queen's pawn game"]
[ECO "A46"]
[Time "15:00:28"]
[TimeControl "2700+45"]

1. d4 Nf6 2. Nf3 c5 3. e3 cxd4 4. exd4 d5 5. Be2 Qc7 6. O-O Nc6 7. c4 Bg4 8. c5
e6 9. Nc3 a6 10. a3 Be7 11. b4 Ne4 12. Bb2 Nxc3 13. Bxc3 O-O 14. a4 Bf6 15. b5
Ne7 16. Qb3 Ng6 17. h3 Nf4 18. hxg4 Nxe2+ 19. Kh1 Qf4 20. g5 Nxc3 21. gxf6 Qh6+
22. Nh2 Ne4 23. fxg7 Qxg7 24. Rad1 f5 25. Nf3 Rf6 26. Ne5 Rh6+ 27. Kg1 Nxc5 28.
Qa3 Ne4 29. bxa6 bxa6 30. Rd3 Rc8 31. Rc1 Rh1+ 32. Kxh1 Qh6+ 33. Rh3 Rxc1+ 34.
Kh2 Qf4+ 35. Rg3+ Nxg3 36. fxg3 Qh6# {White checkmated} 0-1

[Event "Team 45 45 League T49"]
[Site "Internet Chess Club"]
[Date "2011.05.13"]
[Round "1"]
[White "misuc56"]
[Black "Philly-Boy"]
[Result "1-0"]
[WhiteElo "1912"]
[BlackElo "1821"]
[Opening "Nimzo-Indian: 4.e3 O-O"]
[ECO "E46"]
[Time "16:00:27"]
[TimeControl "2700+45"]

1. d4 Nf6 2. c4 e6 3. e3 Bb4+ 4. Nc3 O-O 5. Bd2 b6 6. Nf3 Nc6 7. Be2 Ba6 8. O-O
Na5 9. b3 d5 10. cxd5 Bxe2 11. Nxe2 Bxd2 12. Nxd2 exd5 13. Rc1 Qd6 14. h3 Rac8
15. Nc3 c5 16. dxc5 bxc5 17. Nf3 Rfd8 18. Ne2 Nc6 19. a3 Ne5 20. Nxe5 Qxe5 21.
Rc2 Ne4 22. Qa1 Qb8 23. Qb1 Qe5 24. Qc1 Re8 25. Nf4 d4 26. exd4 Qxd4 27. Rd1 Qf6
28. Nd5 Qc6 29. Nc3 Nf6 30. Na4 Ne4 31. Re1 Kf8 32. Re3 Re6 33. f3 Ng3 34. Kf2
Rxe3 35. Qxe3 Qg6 36. Rxc5 Re8 37. Re5 Nh1+ 38. Kg1 Qb1+ 39. Kh2 Rd8 40. Qxa7
Qa1 41. Qe7+ {Black resigns} 1-0

[Event "Team 45 45 League T49"]
[Site "Internet Chess Club"]
[Date "2011.05.14"]
[Round "1"]
[White "Monsieur"]
[Black "rubo"]
[Result "0-1"]
[WhiteElo "1548"]
[BlackElo "1731"]
[Opening "Caro-Kann: classical variation"]
[ECO "B18"]
[Time "22:10:45"]
[TimeControl "2700+45"]

1. e4 c6 2. d4 d5 3. Nc3 dxe4 4. Nxe4 Bf5 5. Nc5 Qc7 6. Nf3 e6 7. Bd3 Bxd3 8.
Qxd3 Bxc5 9. dxc5 Qa5+ 10. Qc3 Qxc3+ 11. bxc3 Nd7 12. Be3 Ngf6 13. Nd2 O-O 14.
O-O Nd5 15. Ne4 Nxe3 16. fxe3 f5 17. Ng5 Nxc5 18. Rad1 Rad8 19. e4 h6 20. Rxd8
Rxd8 21. Nxe6 Nxe6 22. exf5 Ng5 23. f6 gxf6 24. h4 Ne4 25. Rf4 Re8 26. c4 Kf7
27. h5 Ng3 28. Rh4 Re4 29. Rh3 Nf5 30. Ra3 a6 31. Rb3 Nd6 32. c5 Nb5 33. Rd3 Rd4
34. Rg3 Rd1+ 35. Kh2 Rd5 36. c4 Rxh5+ 37. Kg1 Nd4 38. Rd3 Rh4 39. g3 Rg4 40. Kg2
h5 41. Rd1 h4 42. Kh3 f5 43. gxh4 Kg6 44. Rb1 Ne6 45. Rxb7 Nxc5 46. Rc7 Kh5 47.
Rh7+ Kg6 48. Rc7 Kh5 49. Rh7+ Kg6 50. Rc7 Rxc4 51. Rxc6+ Kh5 52. Kg3 Ne4+ {White
resigns} 0-1